Map: Ephemeron LE

Players

Mez

  • Race: Terran Terran
  • League: Master
  • Spawn Location: 5:00

GateWayDrugg - Winner!

  • Race: Protoss Protoss
  • League: Master
  • Spawn Location: 11:00

VOD

Have the link to the VOD?

Description

Time

  • Played on: Aug. 22, 2019, 7:14 p.m.
  • Length: 15:44
Show
View Real Time Build Order
Export as new Build Order

Mez Terran 

Build Orders: Reaper Expand 

Get SALT Encoding   

  12  0:01  SCV  
  13  0:13  SCV  
  14  0:17  Supply Depot  
  14  0:25  SCV  
  15  0:39  SCV  
  15  0:40  Barracks  
  16  0:44  Refinery  
  16  0:51  SCV  
  17  1:03  SCV  
  18  1:15  SCV  
  19  1:27  Reaper  
  19  1:28  Orbital Command  
  20  1:40  Command Center  
  20  1:52  Bunker  
  20  1:54  SCV  
  20  1:59  Supply Depot  
  21  2:02  Marine  
  21  2:06  SCV  
  23  2:20  Barracks Reactor, SCV  
  24  2:32  SCV  
  25  2:46  SCV  
  25  2:48  Command Center  
  26  2:58  Orbital Command  
  26  3:01  SCV  
  26  3:03  Marine x2  
  29  3:07  Factory  
  29  3:14  Refinery, SCV  
  29  3:20  Marine  
  29  3:21  Marine  
  29  3:26  SCV  
  32  3:27  SCV  
  33  3:38  SCV  
  33  3:39  SCV  
  33  3:40  Marine x2  
  37  3:50  SCV  
  37  3:54  Widow Mine  
  40  3:57  Starport, SCV  
  40  3:59  Marine x2  
  40  4:00  Orbital Command  
  40  4:02  SCV  
  44  4:09  SCV  
  45  4:13  Refinery  
  45  4:14  SCV  
  46  4:18  Factory Tech Lab  
  46  4:19  Marine x2  
  46  4:24  SCV  
  48  4:26  SCV x2  
  50  4:34  Starport Tech Lab  
  50  4:36  SCV  
  51  4:43  Barracks  
  50  4:46  Factory Reactor  
  48  4:59  Marine x2  
  49  5:04  Raven  
  52  5:12  Barracks  
  52  5:14  Barracks  
  52  5:15  Barracks  
  52  5:17  Engineering Bay  
  52  5:18  Supply Depot, Engineering Bay  
  52  5:20  SCV x2  
  54  5:25  SCV  
  55  5:31  Factory Reactor  
  55  5:32  SCV x2  
  55  5:33  Marine x2  
  59  5:37  SCV  
  60  5:44  SCV  
  60  5:45  Terran Infantry Armor Level 1, SCV, Terran Infantry Weapons Level 1  
  60  5:47  Supply Depot  
  60  5:49  SCV  
  63  5:51  Supply Depot  
  63  5:52  Stimpack  
  63  5:53  Supply Depot  
  63  5:54  Marauder, Marine x2  
  63  5:57  SCV x2  
  69  6:04  Barracks Reactor  
  69  6:05  Barracks Tech Lab x2  
  69  6:07  Orbital Command  
  69  6:09  SCV x2  
  71  6:12  Refinery  
  71  6:20  Marauder, Marine x2  
  71  6:22  Widow Mine x2  
  71  6:23  Medivac  
  77  6:27  SCV  
  77  6:29  Missile Turret  
  77  6:30  Missile Turret  
  77  6:35  SCV x2  
  77  6:38  Marine  
  77  6:39  SCV  
  81  6:41  Marauder  
  83  6:47  SCV  
  83  6:48  SCV  
  83  6:50  Marauder x2, Marine x3  
  83  6:51  Combat Shield, Concussive Shells, SCV  
  93  6:56  Supply Depot  
  93  6:58  Supply Depot, Missile Turret  
  93  7:09  Medivac, Marine  
  93  7:10  Widow Mine x2, SCV  
  101  7:20  Marauder, Medivac, Marine x3  
  101  7:21  Marauder, Marine  
  111  7:24  Supply Depot x2  
  111  7:25  SCV x3  
  114  7:37  SCV  
  114  7:39  Widow Mine x2  
  114  7:41  Marine x3  
  114  7:42  Supply Depot  
  114  7:44  Marauder, Supply Depot  
  124  7:45  Marauder  
  124  7:46  Marauder  
  124  7:49  Armory  
  128  7:51  Refinery  
  128  7:53  Refinery  
  128  8:01  Marine x4  
  128  8:05  Marauder  
  134  8:06  Marine  
  134  8:07  Marauder  
  134  8:09  Medivac  
  139  8:15  Starport  
  135  8:27  Marauder x2, Marine x4  
  139  8:28  Marauder  
  139  8:29  Factory Reactor  
  139  8:32  Ghost Academy  
  145  8:37  Supply Depot x2  
  147  8:51  Medivac x2  
  147  8:52  Medivac  
  147  8:55  SCV x3  
  151  9:05  Ghost  
  151  9:07  SCV x3, Marine x6  
  162  9:13  Enhanced Shockwaves  
  162  9:15  Barracks x2  
  162  9:16  Barracks  
  162  9:20  Supply Depot  
  162  9:24  Supply Depot  
  155  9:35  Ghost x2  
  155  9:37  Ghost  
  161  9:38  Marine  
  161  9:39  Marine x2  
  164  9:48  Command Center  
  164  10:01  Marine x3  
  164  10:02  Ghost  
  164  10:04  Ghost  
  164  10:05  Barracks Tech Lab, Barracks Reactor  
  171  10:10  Supply Depot  
  171  10:12  Supply Depot  
  171  10:14  Terran Infantry Weapons Level 2  
  170  10:44  Marauder x4, Marine x3  
  181  10:54  Marine  
  181  10:55  Marine x3  
  184  11:01  Marine  
  181  11:18  Marauder x2, Marine x5  
  177  11:19  Marauder x3, Marine  
  121  11:35  Marine  
  121  11:36  Marine x3  
  121  11:39  Marauder  
  106  11:40  Marauder x3  
  106  11:41  Marine x2  
  106  11:45  Medivac x4  
  113  11:55  Ghost  
  113  12:00  Ghost x2  
  113  12:01  Ghost  
  121  12:15  Medivac  
  111  12:28  Viking x3  
  112  12:30  Marine  
  112  12:31  Marauder, Marine  
  109  12:44  Viking  
  109  12:51  Marauder x2, Marine x3  
  102  12:58  Marine x5  
  106  13:06  Viking x3  
  112  13:14  Viking  
  114  13:27  Ghost, Marine  
  117  13:59  Supply Depot  
  117  14:00  Supply Depot  
  117  14:01  Supply Depot  
  117  14:02  Supply Depot  
  117  14:11  Supply Depot  
  117  14:13  Supply Depot  
  117  14:14  Marine  
  117  14:20  Ghost x2  
  117  14:21  Marine x2  
  117  14:22  Orbital Command  
  123  14:49  Marauder x2, Marine x2  
  123  14:50  Marauder  
  123  14:52  Viking x2  
Show
View Real Time Build Order
Export as new Build Order

GateWayDrugg Protoss - Winner!

Build Orders: 1 Gate Expand, Oracle Opening, Chargelot Immortal 

Get SALT Encoding   

  12  0:00  Probe  
  13  0:13  Probe  
  14  0:17  Pylon  
  14  0:24  Probe  
  15  0:32  Probe  
  15  0:36  Gateway  
  15  0:40  Probe  
  16  0:47  Assimilator  
  17  0:51  Probe  
  18  0:59  Probe  
  19  1:07  Probe  
  19  1:10  Assimilator  
  19  1:17  Probe  
  21  1:32  Nexus  
  21  1:41  Cybernetics Core  
  21  1:45  Probe  
  22  1:52  Pylon  
  22  1:57  Probe  
  23  2:10  Probe, Sentry  
  24  2:18  Warp Gate  
  24  2:22  Probe  
  26  2:34  Probe, Stalker  
  29  2:43  Probe  
  29  2:46  Probe  
  29  2:49  Stargate  
  31  2:51  Probe  
  31  2:58  Probe  
  31  3:01  Probe  
  31  3:04  Stalker  
  35  3:10  Probe  
  35  3:12  Probe  
  36  3:18  Probe  
  37  3:24  Probe  
  39  3:28  Probe  
  39  3:32  Pylon  
  39  3:33  Oracle  
  43  3:36  Probe  
  43  3:37  Forge  
  43  3:40  Probe  
  45  3:43  Protoss Ground Armor Level 1  
  45  3:48  Probe x2  
  45  3:50  Zealot  
  49  3:56  Probe  
  49  4:00  Probe  
  51  4:05  Nexus  
  51  4:10  Pylon  
  51  4:16  Phoenix  
  53  4:19  Probe  
  54  4:26  Twilight Council  
  54  4:28  Probe  
  55  4:32  Probe, Assimilator  
  55  4:34  Assimilator  
  56  4:40  Probe  
  56  4:41  Phoenix  
  56  4:44  Probe  
  60  4:50  Robotics Facility  
  60  4:52  Probe  
  61  4:56  Probe  
  62  5:07  Charge  
  62  5:08  Gateway  
  62  5:09  Gateway  
  62  5:10  Gateway  
  62  5:16  Probe  
  62  5:17  Probe  
  62  5:19  Probe  
  62  5:21  Protoss Ground Armor Level 2  
  65  5:23  Phoenix  
  65  5:27  Photon Cannon, Probe  
  67  5:29  Probe x2  
  70  5:36  Probe  
  70  5:38  Immortal  
  70  5:41  Probe x2  
  77  5:45  Gateway  
  77  5:49  Templar Archives  
  77  6:05  Pylon  
  77  6:07  Pylon  
  77  6:10  Assimilator  
  77  6:15  Pylon  
  77  6:18  Probe  
  77  6:23  Observer, Probe x2  
  80  6:30  Probe  
  80  6:31  Zealot x4  
  89  6:35  Probe x2  
  89  6:37  Phoenix  
  93  6:42  Pylon x2, Probe  
  93  6:45  Immortal, Gateway  
  98  6:47  Probe  
  98  6:48  Probe  
  100  6:55  Probe  
  100  6:58  Psionic Storm  
  100  7:00  Probe  
  102  7:01  Probe  
  102  7:02  High Templar  
  102  7:07  Probe, Assimilator  
  106  7:08  Shield Battery  
  106  7:09  Protoss Ground Armor Level 3  
  106  7:12  Gateway  
  106  7:13  Gateway  
  106  7:14  Gateway x2  
  106  7:19  Probe  
  107  7:24  High Templar  
  107  7:26  Warp Prism  
  111  7:33  High Templar  
  111  7:34  High Templar  
  111  7:35  Pylon  
  115  7:38  Photon Cannon  
  115  7:40  Pylon, Zealot  
  117  7:46  Pylon, Blink  
  117  7:47  Pylon  
  117  7:52  Gateway  
  117  7:56  Zealot x2  
  117  7:57  Zealot  
  123  8:00  Pylon  
  123  8:08  Immortal  
  127  8:18  High Templar  
  129  8:21  High Templar  
  129  8:26  Zealot x4  
  135  8:28  Zealot  
  135  8:29  Zealot x2  
  139  8:43  Pylon  
  139  8:45  Gateway, High Templar  
  139  8:46  Nexus  
  135  8:48  Gateway  
  133  8:58  Stalker x5  
  143  9:04  Robotics Bay  
  143  9:09  Robotics Facility  
  135  9:32  Immortal  
  135  9:34  Zealot x5  
  135  9:35  Pylon  
  149  9:41  Pylon  
  149  9:42  Gateway  
  149  9:45  Pylon  
  149  9:46  Pylon  
  149  9:48  Pylon  
  149  9:52  Extended Thermal Lance  
  149  9:55  Protoss Ground Weapons Level 1  
  149  9:59  Pylon  
  146  10:06  High Templar  
  148  10:11  Observer  
  148  10:12  Photon Cannon  
  148  10:14  Photon Cannon, Probe x4  
  152  10:16  Photon Cannon  
  152  10:17  Pylon, Zealot x2  
  152  10:20  Shield Battery, Gateway  
  157  10:26  Probe x3  
  157  10:27  Colossus  
  166  10:39  Zealot x5  
  176  10:46  Probe x2  
  178  10:51  Assimilator  
  178  10:53  Zealot x4  
  178  10:54  Assimilator  
  178  10:56  Colossus  
  187  11:14  Zealot x3  
  187  11:15  Zealot x4  
  187  11:16  Zealot  
  176  11:18  Zealot  
  154  11:31  Zealot x2  
  130  11:37  Zealot x6  
  126  11:46  Pylon  
  124  11:51  Probe x4  
  128  11:56  Protoss Ground Weapons Level 2  
  128  11:57  High Templar x3  
  128  11:58  High Templar x5  
  144  12:01  High Templar  
  144  12:02  Pylon  
  144  12:03  Observer, Probe x2  
  144  12:04  Archon  
  144  12:05  Archon x3  
  143  12:26  Colossus x2  
  143  12:29  Probe x2  
  155  12:32  Stalker x4  
  161  12:39  Archon  
  147  12:46  Stalker x4  
  132  13:01  High Templar x4  
  140  13:06  Colossus, Probe x3  
  143  13:13  Observer, Archon x2  
  143  13:14  Zealot x4  
  143  13:15  Zealot  
  160  13:42  Pylon  
  160  13:43  Zealot x2, Nexus  
  160  13:45  Zealot x2  
  160  13:47  Assimilator  
  164  13:50  Dark Shrine  
  164  13:55  Pylon x2  
  164  13:58  High Templar x3, Sentry  
  164  13:59  High Templar, Assimilator  
  174  14:10  Gateway  
  174  14:18  Pylon  
  174  14:23  High Templar  
  174  14:24  Photon Cannon, High Templar  
  172  14:26  Shield Battery  
  172  14:27  Colossus, High Templar  
  176  14:36  Observer  
  183  14:38  Photon Cannon  
  183  14:39  Photon Cannon  
  183  14:42  Photon Cannon  
  183  14:43  Zealot  
  183  14:44  Zealot  
  186  14:50  Immortal  
  186  14:55  High Templar  
  190  15:23  Archon  
  190  15:26  Stalker x2  
  179  15:38  Stalker x7  
Tags
 
Add a new tag
Caveats
  • Supply blocks, unpowered buildings, or Contaminate may cause inaccurate times.
  • Supply counts are checked every 10 seconds.